 Dungeon Crawl Stone Soup version 0.24.1 (webtiles) character file.

Game seed: 6409586494423537899, levelgen mode: deterministic

75706 yeoldunghan the Spear-Bearer (level 15, -13/103 HPs)
             Began as an Octopode Fighter on Mar 23, 2020.
             Was the Champion of Fedhas.
             Mangled by a golden dragon simulacrum (29 damage)
             ... on level 3 of the Abyss.
             The game lasted 02:23:12 (35771 turns).

yeoldunghan the Spear-Bearer (Octopode Fighter)    Turns: 35771, Time: 02:23:12

Health: -13/103    AC:  4    Str: 23    XL:     15   Next: 51%
Magic:  23/23      EV: 20    Int: 15    God:    Fedhas [******]
Gold:   1356       SH: 13    Dex: 17    Spells: 14/24 levels left

rFire    + . .     SeeInvis .   b - +10 rapier "Jalisapp" {vamp, Str+2 Int+4}
rCold    + + +     Gourm    .   G - +1 shield
rNeg     + . .     Faith    +   T - +2 hat "Vyuc Xyebb" {rElec rC+++ Stlth+}
rPois    +         Spirit   .   B - amulet of faith
rElec    +         Reflect  .   o - +1 ring of protection
rCorr    .         Harm     .   n - +5 ring of strength
MR       +....     Clarity  +   V - ring "Fudox" {rElec Stlth+}
Stlth    ++++++++..             l - ring of Limitation {rElec rPois rC+ Str-2 Slay+3}
HPRegen  0.27/turn              m - ring of fire
MPRegen  0.18/turn              Z - ring "Unaegg" {+Inv rPois rN+ Str+3 Dex+3}
                                Q - +1 ring of evasion
                                W - ring of protection from cold

@: no status effects
A: almost no armour, stealthy swim, amphibious, 8 rings, constrict 8, camouflage
1, clarity, clumsy 1, poison resistance, weak 1, gelatinous body 1
a: Wall of Briars, Grow Ballistomycete, Overgrow, Grow Oklob, Renounce Religion,
Evoke Invisibility


You were on level 3 of the Abyss.
You worshipped Fedhas.
Fedhas was exalted by your worship.
You were not hungry.

You visited 4 branches of the dungeon, and saw 23 of its levels.
You visited the Abyss 1 time.
You also visited: Gauntlet.

You collected 2392 gold pieces.
You spent 1036 gold pieces at shops.

Inventory:

Hand Weapons
 a - a +0 trident of venom
 b - the +10 rapier "Jalisapp" (weapon) {vamp, Str+2 Int+4}
   (You found it on level 6 of the Lair of Beasts)

   It inflicts no extra harm, but heals its wielder when it wounds a living foe.
   It affects your strength (+2).
   It affects your intelligence (+4).
Missiles
 e - 24 poisoned darts
 q - 14 silver javelins
 w - 4 javelins
 D - a throwing net
 L - 4 curare-tipped darts
 M - 11 boomerangs (quivered)
 Y - 4 atropa-tipped darts
Armour
 G - a +1 shield (worn)
 T - the +2 hat "Vyuc Xyebb" (worn) {rElec rC+++ Stlth+}
   (You bought it in a shop on level 2 of the Orcish Mines)

   It renders you almost immune to cold.
   It insulates you from electricity.
   It makes you more stealthy.
Jewellery
 l - the ring of Limitation (on tentacle) {rElec rPois rC+ Str-2 Slay+3}
   (You took it off a minotaur in a Gauntlet)

   [ring of protection from cold]

   It affects your strength (-2).
   It affects your accuracy and damage with ranged weapons and melee attacks
   (+3).
   It protects you from cold.
   It insulates you from electricity.
   It protects you from poison.
 m - a ring of fire (on tentacle)
 n - a +5 ring of strength (right tentacle)
 o - a +1 ring of protection (left tentacle)
 t - an uncursed ring of ice
 z - an uncursed ring of see invisible
 B - an amulet of faith (around mantle)
 I - a cursed amulet of inaccuracy {unknown}
 Q - a +1 ring of evasion (on tentacle)
 V - the ring "Fudox" (on tentacle) {rElec Stlth+}
   (You found it in a Gauntlet)

   [ring of stealth]

   It insulates you from electricity.
   It makes you more stealthy.
 W - a ring of protection from cold (on tentacle)
 Z - the ring "Unaegg" (on tentacle) {+Inv rPois rN+ Str+3 Dex+3}
   (You bought it in a shop on level 1 of the Orcish Mines)

   [ring of dexterity]

   It affects your strength (+3).
   It affects your dexterity (+3).
   It protects you from poison.
   It protects you from negative energy.
   It lets you turn invisible.
Wands
 p - a wand of enslavement (6)
 r - a wand of clouds (10)
 u - a wand of paralysis (27)
 v - a wand of acid (5)
 H - a wand of iceblast (7)
 R - a wand of digging (4)
Scrolls
 h - 9 scrolls of teleportation
 j - 11 scrolls of remove curse
 k - 4 scrolls of blinking
 y - 2 scrolls of fog
 A - a scroll of fear
 C - a scroll of magic mapping
 X - 3 scrolls of identify
Potions
 c - a potion of might
 f - a potion of magic
 g - a potion of lignification
 i - 6 potions of brilliance
 s - a potion of cancellation
 x - 3 potions of curing
 E - a potion of ambrosia
 J - a potion of mutation
 K - a potion of invisibility
 O - 3 potions of heal wounds
 P - 6 potions of haste
 S - 3 potions of flight
Miscellaneous
 F - a fan of gales
 N - a phial of floods
Comestibles
 d - 36 rations


   Skills:
 + Level 10.0 Fighting
 * Level 4.8 Short Blades
 - Level 13.2 Polearms
 - Level 8.0 Throwing
 * Level 9.5 Dodging
 - Level 10.6 Stealth
 * Level 9.8 Shields
 - Level 5.0 Spellcasting
 * Level 2.9 Charms
 + Level 0.1 Necromancy
 - Level 4.6 Translocations
 * Level 1.5 Air Magic
 - Level 10.8 Invocations
 - Level 4.0 Evocations


You had 14 spell levels left.
You knew the following spells:

 Your Spells              Type           Power        Failure   Level  Hunger
a - Swiftness             Chrm/Air       ##......     19%         2    ##.....
b - Blink                 Tloc           N/A          7%          2    ##.....
c - Apportation           Tloc           ###...       4%          1    None
d - Passwall              Tmut/Erth      #.......     43%         2    ##.....
e - Shroud of Golubria    Chrm/Tloc      ###...       10%         2    ##.....
f - Animate Skeleton      Necr           N/A          28%         1    None

Your spell library contained the following spells:

 Spells                   Type           Power        Failure   Level  Hunger
 Infusion                 Chrm           ##..         10%         1    None
 Song of Slaying          Chrm           ##......     14%         2    ##.....
 Gell's Gravitas          Tloc           ###.......   14%         3    ###....
 Lesser Beckoning         Tloc           ###.......   14%         3    ###....
 Teleport Other           Tloc           ###.....     14%         3    ###....
 Shock                    Conj/Air       #...         22%         1    None
 Beastly Appendage        Tmut           #.....       30%         1    None
 Confusing Touch          Hex            #.....       30%         1    None
 Magic Dart               Conj           #...         30%         1    None
 Sandblast                Erth           #.....       30%         1    None
 Summon Small Mammal      Summ           #...         30%         1    None
 Corpse Rot               Necr           N/A          41%         2    ##.....
 Sublimation of Blood     Necr           #.........   41%         2    ##.....
 Call Imp                 Summ           #.......     43%         2    ##.....
 Searing Ray              Conj           #.....       43%         2    ##.....
 Slow                     Hex            #.......     43%         2    ##.....
 Sticks to Snakes         Tmut           #.......     43%         2    ##.....
 Passage of Golubria      Tloc           N/A          43%         4    ####...
 Regeneration             Chrm/Necr      #.........   45%         3    ###....
 Spectral Weapon          Hex/Chrm       #.......     45%         3    ###....
 Static Discharge         Conj/Air       #.......     56%         3    ###....
 Mephitic Cloud           Conj/Pois/Air  #.......     58%         3    ###....
 Conjure Flame            Conj/Fire      #.......     67%         3    ###....
 Dazzling Spray           Conj/Hex       #.....       67%         3    ###....
 Ignite Poison            Fire/Tmut/Pois #.......     67%         3    ###....
 Spider Form              Tmut/Pois      #.........   67%         3    ###....
 Stone Arrow              Conj/Erth      #.....       67%         3    ###....
 Force Lance              Conj/Tloc      ##......     77%         4    ####...
 Airstrike                Air            #.........   86%         4    ####...
 Fulminant Prism          Conj/Hex       #.........   97%         4    ####...
 Ice Form                 Ice/Tmut       #.......     97%         4    ####...
 Iskenderun's Mystic Bla  Conj           #.......     97%         4    ####...
 Petrify                  Tmut/Erth      #.......     97%         4    ####...
 Excruciating Wounds      Chrm/Necr      #.........   99%         5    ######.
 Lightning Bolt           Conj/Air       #.........   99%         5    ######.
 Agony                    Necr           #.......     100%        5    ######.
 Blade Hands              Tmut           #.........   100%        5    ######.
 Bolt of Draining         Conj/Necr      #.........   100%        5    ######.
 Dispel Undead            Necr           #.......     100%        5    ######.
 Fireball                 Conj/Fire      #.........   100%        5    ######.
 Lee's Rapid Deconstruct  Erth           #.........   100%        5    ######.
 Bolt of Fire             Conj/Fire      #.........   100%        6    #######
 Ring of Flames           Chrm/Fire      ##........   100%        7    #######
 Ignition                 Fire           #.........   100%        8    #######


Dungeon Overview and Level Annotations

Branches:
Dungeon (14/15)            Temple (1/1) D:5            Lair (6/6) D:9
  Swamp (0/4) Lair:3       Spider (0/4) Lair:4        Slime (0/5) Lair:6
    Orc (2/2) D:9             Elf (0/3) Orc:2        Vaults (0/5) D:13
Gauntlet (visited)

Altars:
Ashenzari
Cheibriados
Dithmenos
Elyvilon
Fedhas
Hepliaklqana
Kikubaaqudgha
Makhleb
Nemelex Xobeh
Okawaru
Qazlal
Ru
Sif Muna
Trog
Uskayaw
Vehumet
Wu Jian
Xom
Beogh
Jiyva

Shops:
D:9 }   Orc:1 *=   Orc:2 (}![

Annotations:
D:4 2 runed translucent doors, 1 transporter, zzaadam's ghost, amateur GnTm
D:7 exclusion: downstairs
D:8 exclusion: 2 downstairs
D:11 1 runed translucent door, shugdite's ghost, journeyman MiMo
D:14 exclusions: centaur and obsidian statue
Lair:6 2 runed translucent doors


Innate Abilities, Weirdness & Mutations

You cannot wear most types of armour.
You are very stealthy in the water. (Stealth+)
You are amphibious.
You can wear up to eight rings at the same time.
You can use your tentacles to constrict eight enemies at once.
Your skin changes colour to match your surroundings (Stealth+).
Your rubbery body absorbs attacks. (AC +1, EV +1)
You possess an exceptional clarity of mind.
You are clumsy. (Dex -2)
Your system is resistant to poisons. (rPois)
You are weak. (Str -2)


Message History

The golden dragon simulacrum is severely damaged.
Unknown command.
You puncture the golden dragon simulacrum!
The golden dragon simulacrum is severely damaged.
Your briar patch disappears in a puff of smoke!
The golden dragon simulacrum bites you!
The golden dragon simulacrum freezes you.
You resist.
* * * LOW HITPOINT WARNING * * *
You block the golden dragon simulacrum's attack.
The golden dragon simulacrum tramples you.
* * * LOW HITPOINT WARNING * * *
The golden dragon simulacrum freezes you!
You resist.
* * * LOW HITPOINT WARNING * * *
You hit the golden dragon simulacrum but do no damage.
The golden dragon simulacrum is severely damaged.
The golden dragon simulacrum bites you!!
You die...
Fedhas appreciates your contribution to the ecosystem.

# ## ..#.
#.. # # #.
.##..
#.#####..
.#
#.#§@Z#.. .
.. #.
#§##.# .##
X.####
.##... .
#.# .# ...
.# #.. #
... .Z # .
## .. ... #
#.#.#..##..
....####.
#. . .
.#.###


You could see a golden dragon simulacrum.

Vanquished Creatures
  An orc warlord (Orc:2)
  Nessos (Lair:4)
  A minotaur (Gauntlet)
  8 hydras
  A vault guard (D:13)
  Erolcha (Orc:2)
  A centaur warrior (D:13)
  3 two-headed ogres
  5 death yaks (Lair:6)
  Nergalle (Orc:2)
  A wizard (D:12)
  An orange crystal statue (D:14)
  2 orc knights
  Pikel (D:6)
  An orb spider (shapeshifter) (D:14)
  9 orc sorcerers
  3 lindwurms
  2 ugly things
  A deep elf mage (D:13)
  3 manticores
  3 cyclopes
  4 centaur zombies
  3 molten gargoyles (Lair:6)
  7 black mambas
  14 spiny frogs
  A gargoyle (D:12)
  A rime drake (Lair:4)
  A kobold demonologist (D:14)
  8 komodo dragons
  An efreet (D:13)
  A queen bee (Gauntlet)
  5 trolls
  2 hornets (D:11)
  3 polar bears (Lair:6)
  10 blink frogs
  10 hippogriffs
  A meliai zombie (D:14)
  13 dream sheep (Lair:6)
  10 shadows
  A vampire (D:13)
  A redback (Lair:4)
  7 wyverns
  2 wraiths
  A ynoxinul (Abyss:3)
  54 yaks
  5 basilisks
  A hungry ghost (D:4)
  2 steam dragons
  2 vampire mosquitoes (D:12)
  3 wargs (D:9)
  Edmund (D:4)
  2 soldier ants (D:11)
  5 hell hounds
  Duvessa (D:7)
  15 water moccasins
  12 porcupines
  15 orc warriors
  A black bear (D:11)
  A phantom (D:6)
  3 ice beasts
  An eye of draining (D:9)
  A necrophage (D:10)
  2 sky beasts
  12 ogres
  10 centaurs
  15 wolves
  17 crocodiles
  3 big kobolds
  16 bullfrogs
  2 gnoll sergeants
  Dowan (D:7)
  A wyvern skeleton (D:12)
  4 scorpions
  9 killer bees
  12 wights
  3 howler monkeys
  4 electric eels (D:11)
  5 lava snakes (Lair:6)
  9 crimson imps
  3 bullfrog zombies
  4 jellies
  A quasit (D:14)
  7 hounds
  12 orc priests
  5 centaur skeletons
  6 bullfrog skeletons
  35 orc wizards
  2 iguanas
  11 worker ants
  2 hound skeletons
  A howler monkey zombie (D:11)
  15 gnolls
  10 adders
  2 oozes
  2 adder zombies
  A worm (D:4)
  5 leopard geckos
  83 orcs
  18 bats
  5 giant cockroaches
  8 hobgoblins
  8 jackals
  20 kobolds
  5 quokkas
  A ball python (D:2)
  3 frilled lizards
  7 goblins
  A jackal zombie (D:7)
  6 rats
  A ballistomycete spore (Orc:2)
697 creatures vanquished.

Vanquished Creatures (collateral kills)
  A thrashing horror (Abyss:3)
  A killer bee (Gauntlet)
  66 ballistomycete spores
68 creatures vanquished.

Vanquished Creatures (others)
  A slave (D:6)
  A giant cockroach (D:6)
  5 ballistomycete spores
  32 fungi
  40 plants
79 creatures vanquished.

Grand Total: 844 creatures vanquished

Notes
Turn   | Place    | Note
-------+----------+-------------------------------------------
     0 | D:1      | yeoldunghan the Octopode Fighter began the quest for the
                  | Orb.
     0 | D:1      | Reached XP level 1. HP: 16/16 MP: 1/1
   159 | D:1      | Reached skill level 1 in Stealth
   159 | D:1      | Reached XP level 2. HP: 21/21 MP: 2/2
   639 | D:2      | Reached XP level 3. HP: 26/26 MP: 3/3
   858 | D:2      | Found a white marble altar of Elyvilon.
  1156 | D:3      | Reached XP level 4. HP: 2/31 MP: 4/4
  1582 | D:3      | Reached skill level 3 in Polearms
  2318 | D:3      | Reached XP level 5. HP: 33/37 MP: 5/5
  2757 | D:4      | Noticed Edmund
  2796 | D:4      | Killed Edmund
  2796 | D:4      | Reached skill level 1 in Throwing
  2796 | D:4      | Reached XP level 6. HP: 43/43 MP: 6/6
  2899 | D:4      | Found a shadowy altar of Dithmenos.
  2983 | D:4      | Found a large runed translucent door.
  2983 | D:4      | Found a large runed translucent door.
  3000 | D:4      | Reached skill level 4 in Polearms
  3022 | D:4      | Noticed a hungry ghost
  3047 | D:4      | Found a transporter.
  3048 | D:4      | Noticed zzaadam's ghost (amateur GnTm)
  3049 | D:4      | Identified the cursed +2 great mace "Uqessef" {venom,
                  | Int+4}
  3195 | D:4      | Found a large runed translucent door.
  3195 | D:4      | Found a large runed translucent door.
  3216 | D:4      | Reached XP level 7. HP: 45/48 MP: 7/7
  3236 | D:4      | Got a serpentine tin amulet
  3481 | D:4      | Identified the amulet of the Burgomaster {Harm *Drain +Inv
                  | rN+ Stlth+} (You found it on level 4 of the Dungeon)
  3506 | D:4      | Killed a hungry ghost
  3506 | D:4      | Reached skill level 5 in Stealth
  3603 | D:5      | Entered Level 5 of the Dungeon
  3623 | D:5      | Found a staircase to the Ecumenical Temple.
  3633 | Temple   | Entered the Ecumenical Temple
  3682 | Temple   | Became a worshipper of Fedhas Madash
  4049 | D:5      | Reached skill level 5 in Polearms
  4145 | D:5      | Found a sparkling altar of Nemelex Xobeh.
  4325 | D:6      | Reached XP level 8. HP: 53/54 MP: 8/8
  4629 | D:6      | Found a bloodstained altar of Trog.
  4638 | D:6      | Found a radiant altar of Vehumet.
  4640 | D:6      | Found a burning altar of Makhleb.
  4685 | D:6      | Learned a level 2 spell: Swiftness
  5256 | D:6      | Noticed Pikel
  5268 | D:6      | Killed Pikel
  5268 | D:6      | Reached skill level 5 in Fighting
  5268 | D:6      | Reached skill level 6 in Polearms
  5268 | D:6      | Reached XP level 9. HP: 25/61 MP: 9/9
  5520 | D:6      | Reached * piety under Fedhas
  5730 | D:6      | Reached skill level 7 in Polearms
  5755 | D:6      | Gained mutation: You are weak. (Str -2) [potion of
                  | mutation]
  5755 | D:6      | Lost mutation: You are weak. (Str -2) [potion of mutation]
  5755 | D:6      | Gained mutation: Your system is resistant to poisons.
                  | (rPois) [potion of mutation]
  5887 | D:7      | Reached skill level 5 in Throwing
  5922 | D:7      | Noticed Duvessa
  5922 | D:7      | Noticed Dowan
  6327 | D:7      | Found a sacrificial altar of Ru.
  6632 | D:7      | Reached ** piety under Fedhas
  6688 | D:7      | Reached skill level 5 in Dodging
  7063 | D:7      | Killed Duvessa
  7096 | D:7      | Killed Dowan
  7096 | D:7      | Reached skill level 5 in Shields
  7437 | D:7      | Reached skill level 8 in Polearms
  7801 | D:8      | Reached skill level 1 in Invocations
  8026 | D:8      | Reached XP level 10. HP: 60/68 MP: 10/10
  8089 | D:8      | Found a stormy altar of Qazlal.
  8161 | D:8      | Reached *** piety under Fedhas
  8982 | D:9      | Found Sainur's Gadget Shop.
  8993 | D:9      | Found a staircase to the Orcish Mines.
  9036 | D:9      | Reached **** piety under Fedhas
 10141 | D:9      | Lost mutation: Your system is resistant to poisons. (rPois)
                  | [potion of mutation]
 10141 | D:9      | Gained mutation: Your spells are a little easier to cast,
                  | but a little less powerful. [potion of mutation]
 10141 | D:9      | Gained mutation: One of your tentacles bears a spike.
                  | [potion of mutation]
 10142 | D:9      | Lost mutation: Your spells are a little easier to cast, but
                  | a little less powerful. [potion of mutation]
 10142 | D:9      | Lost mutation: One of your tentacles bears a spike. [potion
                  | of mutation]
 10142 | D:9      | Gained mutation: One of your tentacles bears a spike.
                  | [potion of mutation]
 10142 | D:9      | Gained mutation: You have supernaturally acute eyesight.
                  | (SInv) [potion of mutation]
 10142 | D:9      | Gained mutation: Your system is resistant to poisons.
                  | (rPois) [potion of mutation]
 10142 | D:9      | Gained mutation: Your spells are a little harder to cast,
                  | but a little more powerful. [potion of mutation]
 10433 | D:9      | Found a staircase to the Lair.
 10442 | Lair:1   | Entered Level 1 of the Lair of Beasts
 10587 | D:10     | Entered Level 10 of the Dungeon
 10754 | D:9      | Reached skill level 5 in Invocations
 10976 | D:10     | Reached XP level 11. HP: 55/71 MP: 14/14
 11554 | D:10     | Reached skill level 9 in Polearms
 11692 | D:10     | Noticed a purple ugly thing
 11696 | D:10     | Noticed a two-headed ogre
 11736 | D:10     | Killed a two-headed ogre
 11796 | D:10     | Reached ***** piety under Fedhas
 12346 | D:10     | Killed a purple ugly thing
 14634 | D:11     | Noticed a four-headed hydra
 14642 | D:11     | Killed a four-headed hydra
 14743 | D:11     | Found a runed translucent door.
 14766 | D:11     | Noticed shugdite's ghost (journeyman MiMo)
 15205 | D:12     | Reached skill level 10 in Polearms
 15275 | D:12     | Reached skill level 1 in Evocations
 15275 | D:12     | Reached XP level 12. HP: 79/80 MP: 17/17
 15279 | D:12     | Found a gate leading to a gauntlet.
 15288 | Gauntlet | Entered a Gauntlet
 15288 | Gauntlet | Found a transporter.
 15300 | Gauntlet | Found a transporter.
 15308 | Gauntlet | Found a transporter.
 15310 | Gauntlet | Found a transporter.
 15312 | Gauntlet | Noticed an eight-headed hydra
 15318 | Gauntlet | Found a transporter.
 15341 | Gauntlet | Found a transporter.
 15350 | Gauntlet | Found a transporter.
 15359 | Gauntlet | Found a transporter.
 15363 | Gauntlet | Found a runed translucent door.
 15382 | Gauntlet | Found a transporter.
 15395 | Gauntlet | Found a transporter.
 15440 | Gauntlet | Noticed a thrashing horror
 15442 | Gauntlet | Found a transporter.
 15454 | Gauntlet | Noticed a blizzard demon
 15456 | Gauntlet | Found a transporter.
 15466 | Gauntlet | Found a transporter.
 15468 | Gauntlet | Found a transporter.
 15690 | Gauntlet | Got a glittering copper ring
 15702 | Gauntlet | Got a warped scimitar
 15703 | Gauntlet | Identified the ring "Fudox" {rElec Stlth+} (You found it in
                  | a Gauntlet)
 15871 | Gauntlet | Identified the +2 glaive "Ereheofa" {drain, rPois Int-4
                  | Dex+2}
 15871 | Gauntlet | Identified the ring of Limitation {rElec rPois rC+ Str-2
                  | Slay+3}
 15871 | Gauntlet | Noticed a minotaur
 15890 | Gauntlet | HP: 4/80 [minotaur/silver javelin (4)]
 15897 | Gauntlet | Killed a minotaur
 16263 | D:12     | Noticed a two-headed ogre
 16318 | D:12     | Killed a two-headed ogre
 16341 | D:12     | Identified the +7 scimitar of the Black Skies {drain, -Tele
                  | +Rage MR+ Int+2} (You found it in a Gauntlet)
 17574 | D:13     | Found a shimmering blue altar of Sif Muna.
 17784 | D:13     | Noticed a two-headed ogre
 18425 | D:13     | Found a gate to the Vaults.
 18425 | D:13     | Noticed a vault guard
 18491 | D:13     | Learned a level 2 spell: Blink
 18493 | D:13     | Learned a level 1 spell: Apportation
 18533 | D:13     | Killed a two-headed ogre
 18645 | D:13     | Reached skill level 1 in Translocations
 18742 | D:13     | Noticed a centaur warrior
 18744 | D:13     | Reached skill level 1 in Spellcasting
 19499 | Lair:1   | Learned a level 2 spell: Passwall
 19597 | Lair:1   | Reached XP level 13. HP: 88/88 MP: 19/19
 19640 | Lair:1   | Reached skill level 11 in Polearms
 20592 | Lair:2   | You fall into a shaft and drop 2 floors!
 20593 | Lair:4   | Noticed Nessos
 20603 | Lair:4   | Killed Nessos
 20607 | Lair:4   | Reached skill level 10 in Stealth
 20847 | Lair:4   | Found a hole to the Spider Nest.
 21320 | Lair:2   | Found a shattered altar of Ashenzari.
 21817 | Lair:3   | Reached ****** piety under Fedhas
 22292 | Lair:3   | Found a staircase to the Swamp.
 24091 | Lair:5   | Reached skill level 12 in Polearms
 24104 | Lair:5   | Reached skill level 10 in Invocations
 24244 | Lair:5   | Reached XP level 14. HP: 86/95 MP: 21/21
 25201 | Lair:6   | Entered Level 6 of the Lair of Beasts
 25488 | Lair:6   | Found a staircase to the Slime Pits.
 25522 | Lair:6   | Found a viscous altar of Jiyva.
 27490 | Lair:5   | Reached skill level 13 in Polearms
 29225 | Lair:6   | Found a large runed translucent door.
 29225 | Lair:6   | Found a large runed translucent door.
 29780 | Lair:6   | Got a smoking rapier
 29781 | Lair:6   | Identified the +10 rapier "Jalisapp" {vamp, Str+2 Int+4}
                  | (You found it on level 6 of the Lair of Beasts)
 29786 | Lair:6   | Learned a level 2 spell: Shroud of Golubria
 29942 | Orc:1    | Entered Level 1 of the Orcish Mines
 30460 | Orc:1    | Reached skill level 1 in Short Blades
 30990 | Orc:1    | Found a roughly hewn altar of Beogh.
 31091 | Orc:1    | Found Ruikkasoak's Mayhem Merchandise.
 31190 | Orc:2    | Entered Level 2 of the Orcish Mines
 31190 | Orc:2    | Found a staircase to the Elven Halls.
 31284 | Orc:1    | Reached skill level 1 in Charms
 31525 | Orc:2    | Paralysed by an orc sorcerer for 3 turns
 31529 | Orc:2    | Reached XP level 15. HP: 103/103 MP: 20/23
 31578 | Orc:2    | Found Efuob's Antique Armour Shoppe.
 31584 | Orc:2    | Found Apuar's Gadget Emporium.
 31988 | Orc:2    | Learned a level 1 spell: Animate Skeleton
 32033 | Orc:2    | Bought a shimmering hat for 252 gold pieces
 32033 | Orc:2    | Identified the +2 hat "Vyuc Xyebb" {rElec rC+++ Stlth+}
                  | (You bought it in a shop on level 2 of the Orcish Mines)
 32055 | Orc:2    | Found a radiant altar of Vehumet.
 32056 | Orc:2    | Noticed Erolcha
 32071 | Orc:2    | Killed Erolcha
 32159 | Orc:2    | Found Ciclieni's Distillery.
 32421 | Orc:2    | Noticed Nergalle
 32457 | Orc:2    | Killed Nergalle
 32543 | Orc:2    | Found a roughly hewn altar of Beogh.
 32543 | Orc:2    | Found Zyel's Antique Weapon Shoppe.
 32708 | Orc:2    | Bought a smoking short sword for 296 gold pieces
 32709 | Orc:2    | Identified the cursed +3 short sword of Evisceration
                  | {flame, rPois rC- MP+9} (You bought it in a shop on level 2
                  | of the Orcish Mines)
 32712 | Orc:2    | Lost mutation: One of your tentacles bears a spike. [potion
                  | of mutation]
 32712 | Orc:2    | Lost mutation: Your spells are a little harder to cast, but
                  | a little more powerful. [potion of mutation]
 32712 | Orc:2    | Lost mutation: You have supernaturally acute eyesight.
                  | (SInv) [potion of mutation]
 32712 | Orc:2    | Gained mutation: You are weak. (Str -2) [potion of
                  | mutation]
 32712 | Orc:2    | Gained mutation: You are clumsy. (Dex -2) [potion of
                  | mutation]
 32712 | Orc:2    | Gained mutation: You possess an exceptional clarity of
                  | mind. [potion of mutation]
 32730 | Orc:2    | Found an ancient bone altar of Kikubaaqudgha.
 33151 | Orc:1    | Found Enuhirus's Jewellery Shop.
 33152 | Orc:1    | Noticed an orc warlord
 33763 | Orc:2    | Killed an orc warlord
 34051 | Orc:1    | Bought the ring "Unaegg" {+Inv rPois rN+ Str+3 Dex+3} for
                  | 488 gold pieces
 34411 | D:13     | Reached skill level 5 in Spellcasting
 34658 | D:14     | Found a roughly hewn altar of Beogh.
 35207 | D:14     | Reached skill level 1 in Air Magic
 35505 | D:14     | Reached skill level 10 in Fighting
 35702 | D:14     | Cast into level 3 of the Abyss (a wizard)
 35771 | Abyss:3  | Mangled by a golden dragon simulacrum

Levels and vault maps discovered:
D:1:      wander_arrival_estate, layout_basic, chequers_serial_rivers_room_b
D:2:      layout_rooms, elyvilon_altar_4
D:3:      layout_basic, first_ration, grunt_ministairs_6
D:4:      layout_basic, kennysheep_mini, gammafunk_ghost_smash,
          minmay_hollow_rounded_squares, uniq_edmund
D:5:      layout_basic, minmay_temple_entry_large_hall, minivault_1,
          nemelex_lonely_heart_becter
D:6:      layout_loops_ring, minitemple, uniq_pikel
D:7:      layout_rooms, hangedman_ru_absence, uniq_duvessa
D:8:      layout_basic, basic_altar
D:9:      layout_big_octagon, lair_entry_dummy, david_orc_2, serial_shops,
          shop_fountains
D:10:     layout_stronghold, serial_column_ruins, column_ruins_open_large,
          column_ruins_corridor_straight, column_ruins_open_medium,
          column_ruins_open_medium, column_ruins_grid_1, column_ruins_open_tiny,
          column_ruins_open_large
D:11:     layout_basic, ebering_ghost_reflecting_pool, hangedman_pestilent_swarm
D:12:     layout_long_grid, gauntlet_entry_generic
D:13:     layout_loops_ring, david_vaults_5, basic_altar
D:14:     minmay_separated_statues, layout_basic, minivault_19,
          david_defended_altar_orc
Temple:   compressed_dpeg_circular_temple
Lair:1:   layout_hall_layers, beast_lair_carwin_7
Lair:2:   layout_cave_pods, basic_altar, lemuel_fruit_fields
Lair:3:   layout_regular_city, swamp_mist, st_stairs_4
Lair:4:   layout_regular_city, spider_nest_entry_funnel_web, uniq_nessos
Lair:5:   cheibrodos_lair_overgrown_chateau, layout_long_grid
Lair:6:   cheibrodos_lair_end_hotspot, layout_small_grid, slime_altar_1,
          minmay_lair_oklob_bushes, infiniplex_staircase_pool_2
Orc:1:    layout_caves, basic_altar, serial_shops, nicolae_shop_trees,
          minmay_shop_mayhem
Orc:2:    kennysheep_orc_mage_school, layout_caves, roderic_batcave
Abyss:3:  base: Lair:4, nicolae_abyss_rune_left_handed

Skill      XL: |  1  2  3  4  5  6  7  8  9 10 11 12 13 14 15 |
---------------+----------------------------------------------+-----
Stealth        | 1 2 3 4 5 6 7 8 9 10 | 10.6
Polearms       | 3 4 5 6 8 10 12 13 | 13.2
Throwing       | 1 2 4 6 8 |  8.0
Fighting       | 4 5 6 7 8 9 10 | 10.0
Dodging        | 4 5 6 7 9 |  9.5
Shields        | 4 5 7 9 |  9.8
Invocations    | 1 5 7 8 10 | 10.8
Evocations     | 1 4 |  4.0
Translocations | 1 4 |  4.6
Spellcasting   | 1 4 5 |  5.0
Short Blades   | 1 4 |  4.8
Charms         | 1 2 |  2.9
Air Magic      | 1 |  1.5
Necromancy     | |  0.1

Action                   |  1- 3 |  4- 6 |  7- 9 | 10-12 | 13-15 || total
-------------------------+-------+-------+-------+-------+-------++-------
Melee: Trident           |    79 |    73 |   143 |   192 |   618 ||  1105
       Constrict         |    14 |    18 |    33 |    77 |   115 ||   257
       Tentacles         |    10 |    18 |    54 |   129 |   212 ||   423
       Spear             |       |       |    91 |   378 |       ||   469
       Kick              |       |       |       |   162 |   242 ||   404
       Rapier            |       |       |       |       |   202 ||   202
Throw: Dart              |       |    29 |   145 |   323 |   152 ||   649
       Boomerang         |       |       |       |    66 |    39 ||   105
       Javelin           |       |       |       |     2 |    43 ||    45
 Cast: Shroud of Golubri |       |       |       |       |     5 ||     5
       Animate Skeleton  |       |       |       |       |     4 ||     4
       Blink             |       |       |       |       |     2 ||     2
       Apportation       |       |       |       |       |     1 ||     1
Invok: Grow Ballistomyce |       |       |       |     2 |    10 ||    12
       Grow Oklob        |       |       |       |     2 |       ||     2
       Wall of Briars    |       |       |       |     1 |     2 ||     3
Evoke: Wand              |       |       |       |     7 |     5 ||    12
  Use: Scroll            |       |       |     8 |    18 |     9 ||    35
       Potion            |       |       |     1 |     8 |     6 ||    15
 Stab: Sleeping          |    14 |     9 |     7 |    19 |    32 ||    81
       Distracted        |       |       |       |     3 |     6 ||     9
       Confused          |       |       |       |     1 |       ||     1
       Paralysed         |       |       |       |       |     7 ||     7
       Invisible         |       |       |       |       |     2 ||     2
  Eat: Chunk             |     1 |     6 |    17 |    31 |    45 ||   100
       Ration            |       |       |       |     2 |     2 ||     4
Armor: Skin              |     7 |     3 |     8 |    13 |     9 ||    40
Dodge: Dodged            |    16 |    15 |    77 |   155 |   278 ||   541
Block: Shield            |    16 |    27 |    81 |   180 |   305 ||   609
